 Dungeon Crawl Stone Soup version 0.25.0-11-g1f837a76a1 (webtiles) character file.

Game seed: 14274062521575702628

178619 tilp the Severer (level 17, -1/156 HPs)
             Began as a Hill Orc Monk on June 27, 2020.
             Was the Champion of Beogh.
             Hit by a silver javelin thrown by a merfolk javelineer (3 damage)
             ... on level 4 of the Shoals.
             The game lasted 01:12:08 (39183 turns).

tilp the Severer (Hill Orc Monk)                   Turns: 39183, Time: 01:12:08

Health: -1/156     AC: 28    Str: 21    XL:     17   Next: 88%
Magic:  28/28      EV: 13    Int: 12    God:    Beogh [******]
Gold:   4884       SH:  5    Dex: 19    Spells: 16/16 levels left

rFire    + . .     SeeInvis .   a - +9 battleaxe of the Reaper {venom, rElec rPois Int+2}
rCold    + . .     Gourm    .   (shield currently unavailable)
rNeg     . . .     Faith    .   L - +1 plate armour {MR+}
rPois    +         Spirit   .   l - +2 helmet
rElec    +         Reflect  +   D - scarf {rC+ rF+}
rCorr    .         Harm     .   i - +1 pair of gloves
MR       ++...                  n - +2 pair of boots {Stlth+}
Stlth    ..........             N - amulet of reflection
HPRegen  0.36/turn              m - +4 ring of protection
MPRegen  0.21/turn              r - +6 ring of dexterity

@: no status effects
A: walk on water
}: 1/15 runes: gossamer
a: Smiting, Recall Orcish Followers, Give Item to Named Follower, Resurrection,
Renounce Religion


You were on level 4 of the Shoals.
You worshipped Beogh.
Beogh was exalted by your worship.
You were not hungry.

You visited 5 branches of the dungeon, and saw 31 of its levels.
You also visited: Sewer, Gauntlet, Ice Cave and Volcano.

You collected 5434 gold pieces.
You spent 550 gold pieces at shops.

Inventory:

Hand Weapons
 a - the +9 battleaxe of the Reaper (weapon) {venom, rElec rPois Int+2}
   (You found it on level 9 of the Dungeon)

   It poisons the flesh of those it strikes.
   It affects your intelligence (+2).
   It insulates you from electricity.
   It protects you from poison.
 b - a +6 broad axe of draining
Missiles
 f - 62 boomerangs (quivered)
 u - 7 throwing nets
 Q - 10 javelins
 T - 6 boomerangs of dispersal
 X - 4 silver boomerangs
 Y - 7 silver javelins
Armour
 i - a +1 pair of gloves (worn)
 l - a +2 helmet (worn)
 n - a +2 pair of boots of stealth (worn)
 p - a +0 cloak of preservation
 D - a scarf of resistance (worn)
 L - a +1 plate armour of magic resistance (worn)
 V - a +2 tower shield
Jewellery
 k - an uncursed amulet of guardian spirit
 m - a +4 ring of protection (left hand)
 r - a +6 ring of dexterity (right hand)
 N - an amulet of reflection (around neck)
 W - an uncursed ring of protection from cold
Wands
 j - a wand of polymorph (9)
 s - a wand of iceblast (8)
 F - a wand of enslavement (17)
 I - a wand of paralysis (11)
 J - a wand of disintegration (22)
 O - a wand of flame (59)
Scrolls
 g - 3 scrolls of holy word
 h - 6 scrolls of remove curse
 t - 4 scrolls of fog
 x - 6 scrolls of fear
 y - 2 scrolls of silence
 C - 9 scrolls of identify
 H - 4 scrolls of summoning
 P - 3 scrolls of magic mapping
 S - 6 scrolls of blinking
 Z - 15 scrolls of teleportation
Potions
 d - 2 potions of ambrosia
 e - 5 potions of stabbing
 o - a potion of cancellation
 q - 5 potions of magic
 v - 15 potions of curing
 z - 7 potions of flight
 A - 3 potions of invisibility
 E - 3 potions of mutation
 G - 2 potions of might
 K - 3 potions of haste
 M - 3 potions of heal wounds
 R - 3 potions of resistance
 U - 2 potions of berserk rage
Miscellaneous
 w - a box of beasts
Comestibles
 c - 55 rations
 B - 13 chunks of flesh


   Skills:
 + Level 15.4 Fighting
 - Level 20.0 Axes
 - Level 10.0 Throwing
 + Level 9.0 Armour
 + Level 10.4 Dodging
 - Level 1.5 Stealth
 + Level 3.8 Shields
 + Level 15.5 Invocations
 + Level 10.5 Evocations


You had 16 spell levels left.
You didn't know any spells.
Your spell library contained the following spells:

 Spells                   Type           Power        Failure   Level  Hunger
 Animate Skeleton         Necr           N/A          99%         1    ##.....
 Apportation              Tloc           #.....       99%         1    ##.....
 Corona                   Hex            #......      99%         1    ##.....
 Magic Dart               Conj           #...         99%         1    ##.....
 Shock                    Conj/Air       #...         99%         1    ##.....
 Summon Small Mammal      Summ           #...         99%         1    ##.....
 Blink                    Tloc           N/A          100%        2    ###....
 Call Imp                 Summ           #.......     100%        2    ###....
 Slow                     Hex            #.......     100%        2    ###....
 Swiftness                Chrm/Air       #.......     100%        2    ###....
 Conjure Flame            Conj/Fire      #.......     100%        3    ####...
 Mephitic Cloud           Conj/Pois/Air  #.......     100%        3    ####...
 Static Discharge         Conj/Air       #.......     100%        3    ####...
 Airstrike                Air            #.........   100%        4    #####..
 Lightning Bolt           Conj/Air       #.........   100%        5    ######.


Dungeon Overview and Level Annotations

Branches:
Dungeon (15/15)            Temple (0/1) D:7            Lair (6/6) D:9
 Shoals (4/4) Lair:4       Spider (4/4) Lair:4        Slime (0/5) Lair:6
    Orc (2/2) D:9             Elf (0/3) Orc:2        Vaults (0/5) D:14
 Depths (0/5) D:15          Sewer (visited)           IceCv (visited)
Volcano (visited)         Gauntlet (visited)

Altars:
Cheibriados
Elyvilon
Fedhas
Hepliaklqana
Makhleb
Qazlal
Sif Muna
Trog
Vehumet
Wu Jian
Xom
Yredelemnul
Zin
Beogh

Shops:
D:7 (   D:11 [   Orc:2 ([::

Annotations:
D:2 Natasha
D:6 Dowan
Spider:1 1 runed translucent door, Cumomo's ghost, adept SpEn
Spider:3 3 runed translucent doors, Vubreenic's ghost, adept CeHu; endersaim's ghost, adept MfSk; iishen's ghost, adept CeHu


Message History

The merfolk impaler barely misses you. You block the merfolk impaler's attack.
The merfolk impaler hits you with a +4 demon trident of freezing!
* * * LOW HITPOINT WARNING * * *
Harm roars a battlecry!
Unknown command.
Unknown command.
You miss the merfolk impaler.
The merfolk impaler is heavily wounded.
You slice the merfolk javelineer!!
The merfolk javelineer is poisoned.
You slash the merfolk impaler!
The merfolk impaler looks as sick as possible!
Your orc knight no longer looks unusually strong.
The merfolk impaler closely misses you.
The merfolk impaler hits you but does no damage.
Your orc knight roars a battlecry!
Your orc knight goes into a battle-frenzy!
The merfolk javelineer throws a silver javelin.
The silver javelin pierces through you!!
* * * LOW HITPOINT WARNING * * *
You die...

............≈≈≈≈≈≈≈≈...
.........(..≈≈≈≈≈≈≈....
.............≈≈≈≈......
##..........)..≈≈......
##≈............≈≈....
#..........)oo......
##......)..oooo##≈#
≈.........4oo###
≈..........##@m#
...........#mmm≈...#
...≈≈≈≈..≈##m#.#.##
..≈≈≈≈..# ≈. .≈
..≈≈≈≈..≈ :#. .#
.≈..... ..≈. .# .# #. #
## ##


You could see 4 merfolk impalers, a merfolk javelineer (very poisoned), the
friendly Bolgrim the orc warlord (strong), 3 friendly orc knights, the friendly
Arbeogh the orc knight (strong), the friendly Harm the orc knight (strong), the
friendly Morbeogh the orc knight (strong) and a friendly hellwing (summoned).

Vanquished Creatures
  Saint Roka (Orc:2)
  Donald (Spider:1)
  A frost giant (D:13)
  A ghost moth (Spider:4)
  Louise (D:14)
  2 emperor scorpions
  An entropy weaver (Spider:3)
  A stone giant (Shoals:1)
  A minotaur (Gauntlet)
  2 spark wasps
  2 fire dragons (Lair:6)
  2 merfolk impalers
  A merfolk javelineer (Shoals:4)
  A great orb of eyes (shapeshifter) (D:14)
  6 hydras
  An alligator snapping turtle (Shoals:2)
  A catoblepas (Lair:2)
  2 merfolk avatars
  A merfolk aquamancer (Shoals:2)
  6 two-headed ogres
  2 centaur warriors
  2 dancing weapons
  5 death yaks (Gauntlet)
  2 ogre magi
  A soul eater (Gauntlet)
  A fire crab (Lair:6)
  2 deep trolls
  2 unseen horrors
  A swamp dragon (Lair:6)
  4 sea snakes
  5 wizards (Volcano)
  A wolf spider zombie (D:14)
  A necromancer (IceCv)
  4 orb spiders
  3 orc sorcerers (Orc:2)
  2 lindwurms
  8 wolf spiders
  2 deep elf magi
  2 harpies (Shoals:4)
  9 ugly things
  2 oklob plants (Lair:4)
  2 orc knights
  3 fauns (Shoals:3)
  2 elephants (Lair:6)
  4 manticores
  5 cyclopes
  A black mamba (Lair:5)
  5 merfolk sirens
  5 toenail golems (Volcano)
  A water nymph (Shoals:3)
  2 centaur zombies
  2 ice statues (IceCv)
  4 torpor snails
  12 spiny frogs
  A gargoyle (D:13)
  2 komodo dragons
  6 demonic crawlers
  2 freezing wraiths
  2 efreet
  A yaktaur (D:13)
  A rime drake (Lair:6)
  18 jumping spiders
  A queen bee (Lair:2)
  9 ice devils (IceCv)
  3 trolls
  3 tyrant leeches (Lair:6)
  5 merfolk
  2 wind drakes
  3 blink frogs
  10 hornets
  4 snapping turtles
  3 slime creatures (D:13)
  8 hippogriffs
  35 redbacks
  A ynoxinul (Gauntlet)
  2 spriggans
  A wyvern (Lair:4)
  8 tarantellas
  3 water elementals
  A wraith (D:14)
  3 basilisks
  30 yaks
  A hungry ghost (D:9)
  3 steam dragons (Lair:6)
  2 hogs (D:15)
  6 vampire mosquitoes (D:15)
  2 wargs (Orc:2)
  A soldier ant (D:14)
  An acid dragon (Lair:6)
  A hell hound (Spider:1)
  8 water moccasins
  Duvessa (D:6)
  10 orc warriors
  A swamp drake (Lair:6)
  8 porcupines
  2 sky beasts
  5 black bears
  2 phantoms
  An eye of draining (D:11)
  5 ice beasts
  8 ogres
  A necrophage (D:9)
  15 wolves
  16 centaurs
  14 crocodiles
  3 big kobolds
  A gnoll sergeant (Orc:1)
  11 bullfrogs
  A wyvern zombie (D:9)
  6 scorpions
  A hornet simulacrum (D:15)
  25 killer bees
  12 wights
  3 electric eels
  4 howler monkeys
  2 bullfrog zombies
  3 crimson imps
  2 draconian simulacra (IceCv)
  2 jellies
  A quasit (D:8)
  7 hounds
  3 centaur skeletons
  A gnoll shaman (D:5)
  3 orc priests
  2 iron imps (Gauntlet)
  12 orc wizards
  Jessica (D:3)
  4 iguanas
  Ijyb (D:3)
  Natasha (D:2)
  A spriggan simulacrum (IceCv)
  4 worker ants
  2 troll simulacra (IceCv)
  A centaur simulacrum (IceCv)
  5 ogre zombies (D:9)
  A hound zombie (D:5)
  A worker ant zombie (D:10)
  Robin (D:3)
  2 naga simulacra (IceCv)
  2 ogre simulacra (IceCv)
  9 adders
  9 gnolls
  A river rat (Sewer)
  4 shadow imps
  An ooze (D:3)
  An adder skeleton (D:7)
  2 worms
  3 dart slugs (D:1)
  3 leopard geckos
  19 orcs
  5 ball pythons
  4 giant cockroaches
  19 goblins
  13 hobgoblins
  9 jackals
  5 quokkas
  5 bats
  11 frilled lizards
  2 goblin skeletons (D:9)
  A goblin zombie (D:9)
  2 hobgoblin skeletons (D:9)
  A hobgoblin zombie (D:9)
  21 kobolds
  2 orc skeletons (D:9)
  7 orc zombies (D:9)
  A quokka simulacrum (D:9)
  2 quokka skeletons
  10 rats
  A spectral orc (D:3)
  4 fungi
  11 plants
746 creatures vanquished.

Vanquished Creatures (collateral kills)
  Kirke (D:15)
  A frost giant (Shoals:4)
  4 ghost moths
  4 emperor scorpions (Spider:4)
  3 entropy weavers
  Azrael (Spider:1)
  The ghost of Aricsoirch the Bludgeoner, a journeyman GrFi of Okawaru (Lair:4)
  2 ettins
  2 merfolk impalers (Shoals:3)
  Fannar (D:12)
  A hydra (Lair:2)
  5 two-headed ogres
  An ogre mage (D:15)
  A centaur warrior (D:14)
  An alligator snapping turtle (Shoals:1)
  A tengu warrior (D:15)
  2 sea snakes
  An unseen horror (D:12)
  3 harpies (Shoals:4)
  2 orc knights
  16 wolf spiders
  3 fauns
  7 orb spiders
  A deep elf mage (D:14)
  2 ugly things (D:15)
  4 cyclopes
  3 manticores
  2 moths of wrath (Spider:3)
  3 water nymphs
  4 black mambas
  An elephant (Lair:6)
  4 torpor snails
  A merfolk siren (Shoals:4)
  4 spiny frogs
  2 centaur skeletons
  3 demonic crawlers
  A freezing wraith (D:14)
  5 komodo dragons
  16 jumping spiders
  A tyrant leech (Lair:6)
  A wind drake (Shoals:2)
  10 merfolk
  2 trolls
  A troll (shapeshifter) (D:14)
  5 hornets
  2 snapping turtles
  5 blink frogs
  3 slime creatures (D:13)
  5 hippogriffs
  9 tarantellas
  30 redbacks
  A water elemental (Shoals:2)
  2 shadows
  7 wraiths
  12 yaks
  2 fire elementals (Spider:1)
  A hungry ghost (D:12)
  3 basilisks
  2 vampire mosquitoes (D:15)
  A steam dragon (Lair:6)
  3 wargs (Orc:1)
  An acid dragon (Lair:6)
  A water moccasin (Lair:5)
  2 porcupines (Lair:3)
  2 hell hounds (Spider:1)
  7 orc warriors
  An eye of draining (D:13)
  4 ogres
  2 phantoms (D:9)
  A crocodile (Lair:4)
  4 wolves
  3 bullfrogs
  A scorpion (D:12)
  6 killer bees
  A howler monkey (D:11)
  5 wights (D:14)
  An electric eel (D:9)
  A bullfrog zombie (D:11)
  3 crimson imps
  A jelly (D:14)
  3 orc priests
  3 hounds
  4 orc wizards
  An iguana (D:12)
  A worker ant (D:12)
  An ogre zombie (D:9)
  A shadow imp (D:15)
  A leopard gecko (D:10)
  22 orcs
  A kobold (D:12)
  A hobgoblin skeleton (D:9)
  An orc skeleton (D:9)
  2 orc zombies (D:9)
  13 bushes (D:15)
  15 fungi
  35 plants
380 creatures vanquished.

Vanquished Creatures (others)
  8 orc knights
  An orc high priest (Spider:4)
  2 orc sorcerers (Orc:1)
  A water elemental (Shoals:2)
  16 orc warriors
  15 orc priests
  20 orc wizards
  53 orcs
  A quokka zombie (D:8)
  A bush (Lair:5)
  10 fungi
  55 plants
183 creatures vanquished.

Grand Total: 1309 creatures vanquished

Notes
Turn   | Place    | Note
-------+----------+-------------------------------------------
     0 | D:1      | tilp the Hill Orc Monk began the quest for the Orb.
     0 | D:1      | Reached XP level 1. HP: 19/19 MP: 1/1
   223 | D:1      | Reached XP level 2. HP: 26/26 MP: 2/2
   509 | D:1      | Reached skill level 5 in Axes
   896 | D:1      | Reached XP level 3. HP: 24/31 MP: 3/3
  1714 | D:2      | Found a white marble altar of Elyvilon.
  1716 | D:2      | Found a stormy altar of Qazlal.
  1782 | D:2      | Reached skill level 6 in Axes
  2170 | D:2      | Noticed Natasha
  2179 | D:2      | Killed Natasha
  2179 | D:2      | Reached XP level 4. HP: 29/39 MP: 4/4
  2302 | D:2      | Found a blossoming altar of Fedhas.
  2466 | D:2      | Noticed Natasha
  2766 | D:2      | Found an ornate altar of the Wu Jian Council.
  2906 | D:2      | Found a burning altar of Makhleb.
  2912 | D:2      | Reached skill level 7 in Axes
  2912 | D:2      | Reached XP level 5. HP: 41/45 MP: 5/5
  3021 | D:3      | Found a hazy altar of Hepliaklqana.
  3021 | D:3      | Noticed Jessica
  3032 | D:3      | Killed Jessica
  3057 | D:3      | Noticed Robin
  3091 | D:3      | Killed Robin
  3148 | D:3      | Reached skill level 8 in Axes
  3252 | D:3      | Reached XP level 6. HP: 51/51 MP: 6/6
  3374 | D:3      | Reached skill level 9 in Axes
  3750 | D:3      | Noticed Ijyb
  3882 | D:3      | Killed Ijyb
  4024 | D:3      | Noticed Sigmund
  4043 | D:3      | Noticed Sigmund
  4045 | D:3      | Killed Sigmund the porcupine
  4045 | D:3      | Reached skill level 10 in Axes
  4045 | D:3      | Reached XP level 7. HP: 45/57 MP: 7/7
  4132 | D:3      | Found a basalt altar of Yredelemnul.
  4269 | D:4      | Got a brightly glowing dagger
  4627 | D:4      | Identified the +7 dagger of the Postmodern Knives {holy,
                  | *Rage rPois Int+4} (You found it on level 4 of the Dungeon)
  4640 | D:5      | Entered Level 5 of the Dungeon
  4681 | D:5      | Found a glowing drain.
  4683 | D:5      | Became a worshipper of Beogh the Brigand
  4683 | D:5      | Reached * piety under Beogh
  4683 | D:5      | Reached ** piety under Beogh
  4702 | Sewer    | Entered a sewer
  5082 | D:5      | Reached skill level 11 in Axes
  5154 | D:5      | Reached XP level 8. HP: 64/64 MP: 8/8
  5230 | D:5      | Reached skill level 12 in Axes
  5726 | D:6      | Found a shimmering blue altar of Sif Muna.
  5783 | D:6      | Found a bloodstained altar of Trog.
  5806 | D:6      | Reached skill level 13 in Axes
  6131 | D:6      | Found a snail-covered altar of Cheibriados.
  6440 | D:6      | Noticed Duvessa
  6440 | D:6      | Noticed Dowan
  6450 | D:6      | Killed Duvessa
  6510 | D:6      | Reached skill level 14 in Axes
  6624 | D:6      | Reached XP level 9. HP: 52/72 MP: 9/9
  6628 | D:6      | Reached skill level 5 in Fighting
  6892 | D:7      | Found Odiedax's Weapon Shop.
  6911 | D:7      | Reached *** piety under Beogh
  6964 | D:7      | Found a staircase to the Ecumenical Temple.
  7099 | D:7      | Bought a +3 war axe of electrocution for 359 gold pieces
  7540 | D:8      | Got a faintly glowing long sword
  7576 | D:8      | Found a radiant altar of Vehumet.
  7576 | D:8      | Noticed a cyclops
  8029 | D:8      | Got an amber-encrusted scale mail
  8035 | D:8      | Identified the +1 scale mail "Fasmyoso" {MR+ Slay+2} (You
                  | found it on level 8 of the Dungeon)
  8158 | D:8      | Killed a cyclops
  8306 | D:9      | Reached skill level 15 in Axes
  8374 | D:9      | Got a sapphire battleaxe
  8645 | D:9      | Noticed a troll
  8654 | D:9      | Killed a troll
  8656 | D:9      | Reached XP level 10. HP: 65/88 MP: 10/10
  8669 | D:9      | Reached **** piety under Beogh
  8704 | D:9      | Found a staircase to the Lair.
  8857 | D:9      | Identified the +9 battleaxe of the Reaper {venom, rElec
                  | rPois Int+2} (You found it on level 9 of the Dungeon)
  8904 | D:9      | Found a glowing silver altar of Zin.
  8954 | D:9      | Reached skill level 16 in Axes
  9007 | D:9      | Identified the +10 long sword of Power {antimagic, Int+5}
                  | (You found it on level 8 of the Dungeon)
  9014 | D:9      | Found a staircase to the Orcish Mines.
  9120 | D:9      | Got a silken robe
  9628 | D:10     | Entered Level 10 of the Dungeon
  9679 | D:10     | Reached skill level 17 in Axes
  9736 | D:10     | Reached ***** piety under Beogh
  9749 | D:10     | Identified the +2 robe of the Vaults {-Cast Harm rElec
                  | rF++} (You found it on level 9 of the Dungeon)
 10071 | D:10     | Noticed Maurice
 10073 | D:10     | Noticed Maurice
 10073 | D:10     | Maurice changed into Maurice the hornet
 10079 | D:10     | Killed Maurice the hornet
 10079 | D:10     | Reached skill level 18 in Axes
 10648 | D:10     | Reached XP level 11. HP: 93/94 MP: 11/11
 11031 | D:11     | Noticed a red ugly thing
 11039 | D:11     | Killed a red ugly thing
 11085 | D:11     | Found Coaxiy Much's Armour Emporium.
 11102 | D:11     | Reached skill level 19 in Axes
 11261 | D:11     | Gained Morun as an ally
 11928 | Lair:1   | Entered Level 1 of the Lair of Beasts
 12425 | Lair:1   | Reached skill level 20 in Axes
 12456 | Lair:1   | Reached skill level 1 in Invocations
 12522 | Lair:1   | Reached skill level 1 in Evocations
 12675 | Lair:1   | Noticed a four-headed hydra
 12685 | Lair:1   | Killed a four-headed hydra
 13573 | Lair:2   | Gained Garbold as an ally
 13583 | Lair:2   | Your ally Garbold died
 13587 | Lair:2   | Killed a six-headed hydra
 13651 | Lair:2   | Reached XP level 12. HP: 103/103 MP: 14/14
 14003 | Lair:2   | Noticed a six-headed hydra
 14010 | Lair:2   | Killed a six-headed hydra
 14010 | Lair:2   | Reached skill level 5 in Invocations
 14319 | Lair:2   | Reached skill level 10 in Fighting
 14841 | Lair:2   | Noticed a catoblepas
 14853 | Lair:2   | Killed a catoblepas
 14853 | Lair:2   | Reached skill level 5 in Dodging
 15982 | Lair:3   | Gained Wargrak as an ally
 16427 | Lair:3   | Reached skill level 1 in Throwing
 16719 | Lair:4   | Found a runed translucent door.
 16719 | Lair:4   | Found a shimmering altar of Xom.
 16719 | Lair:4   | Noticed Aricsoirch's ghost (journeyman GrFi)
 16770 | Lair:4   | Found a dark tunnel.
 16816 | Volcano  | Entered a volcano
 16844 | Volcano  | Reached XP level 13. HP: 104/113 MP: 19/19
 16847 | Volcano  | Reached skill level 5 in Evocations
 17453 | Lair:4   | Reached skill level 10 in Invocations
 17595 | Lair:4   | Found a staircase to the Shoals.
 17704 | Lair:4   | Gained Morbeogh as an ally
 17836 | Lair:4   | Found a hole to the Spider Nest.
 18617 | Lair:5   | Reached skill level 5 in Throwing
 19534 | Lair:6   | Entered Level 6 of the Lair of Beasts
 19706 | Lair:6   | Reached skill level 1 in Armour
 20121 | Lair:6   | Found a staircase to the Slime Pits.
 20156 | Lair:6   | Reached XP level 14. HP: 122/122 MP: 23/23
 20185 | Lair:6   | Gained Warbeogh as an ally
 20558 | Lair:6   | Found a runed translucent door.
 20746 | Lair:6   | Reached ****** piety under Beogh
 21275 | Lair:6   | Identified a scroll of acquirement
 21480 | D:7      | Bought a +0 glaive of flaming for 191 gold pieces
 21615 | Lair:4   | Killed Aricsoirch's ghost
 21615 | Lair:4   | Reached skill level 5 in Armour
 21802 | Orc:1    | Entered Level 1 of the Orcish Mines
 21936 | Orc:1    | Your ally Morun died
 21941 | Orc:1    | Your ally Warbeogh died
 23108 | Orc:2    | Entered Level 2 of the Orcish Mines
 23129 | Orc:2    | Found a staircase to the Elven Halls.
 23252 | Orc:2    | Gained Marbaugh as an ally
 23465 | Orc:2    | Gained Bolgrim as an ally
 23475 | Orc:2    | Found a roughly hewn altar of Beogh.
 23483 | Orc:2    | Found Roeruot's Book Emporium.
 23594 | Orc:2    | Found a roughly hewn altar of Beogh.
 23643 | Orc:2    | Found a roughly hewn altar of Beogh.
 23647 | Orc:2    | Found Kenezonn's Book Boutique.
 23682 | Orc:2    | Found a roughly hewn altar of Beogh.
 23735 | Orc:2    | Noticed Saint Roka
 23743 | Orc:2    | Killed Saint Roka
 23749 | Orc:2    | Found Xaleasop's Antique Weapon Emporium.
 23749 | Orc:2    | Found a roughly hewn altar of Beogh.
 23860 | Orc:2    | Found Mykoalehop's Antique Armour Shoppe.
 24032 | Orc:2    | Gained Bogwald as an ally
 24137 | Orc:2    | Found a roughly hewn altar of Beogh.
 24234 | Orc:2    | Your ally Bogwald died
 24579 | D:12     | Gained Bogwald as an ally
 24585 | D:12     | Found a gate leading to a gauntlet.
 24616 | Gauntlet | Entered a Gauntlet
 24616 | Gauntlet | Found a transporter.
 24626 | Gauntlet | Found a transporter.
 24641 | Gauntlet | Found a transporter.
 24646 | Gauntlet | Found a transporter.
 24661 | Gauntlet | Found a transporter.
 24671 | Gauntlet | Found the +8 demon blade "Leech" {vamp, *Rage +Rage rN+}
 24680 | Gauntlet | Found a transporter.
 24688 | Gauntlet | Found a large runed translucent door.
 24689 | Gauntlet | Found a large runed translucent door.
 24690 | Gauntlet | Found a large runed translucent door.
 24690 | Gauntlet | Found a large runed translucent door.
 24691 | Gauntlet | Found a runed translucent gate.
 24692 | Gauntlet | Found a transporter.
 24692 | Gauntlet | Found a runed translucent gate.
 24693 | Gauntlet | Found a runed translucent gate.
 24694 | Gauntlet | Found a large runed translucent door.
 24694 | Gauntlet | Found a large runed translucent door.
 24695 | Gauntlet | Found a large runed translucent door.
 24696 | Gauntlet | Found a large runed translucent door.
 24704 | Gauntlet | Found a transporter.
 24716 | Gauntlet | Found a transporter.
 24728 | Gauntlet | Found a transporter.
 24734 | Gauntlet | Found a transporter.
 24734 | Gauntlet | Found a transporter.
 24773 | Gauntlet | Found a transporter.
 24800 | Gauntlet | Found a transporter.
 24820 | Gauntlet | Found a transporter.
 24894 | Gauntlet | Found a large runed translucent door.
 24894 | Gauntlet | Found a large runed translucent door.
 24894 | Gauntlet | Found a runed translucent door.
 24894 | Gauntlet | Found a runed translucent door.
 24895 | Gauntlet | Found a large runed translucent door.
 24896 | Gauntlet | Found a large runed translucent door.
 24898 | Gauntlet | Found a transporter.
 24914 | Gauntlet | Found a large runed translucent door.
 24914 | Gauntlet | Found a large runed translucent door.
 24915 | Gauntlet | Found a large runed translucent door.
 24916 | Gauntlet | Found a large runed translucent door.
 24918 | Gauntlet | Found a transporter.
 24940 | Gauntlet | Found a transporter.
 25181 | Gauntlet | Reached XP level 15. HP: 50/134 MP: 9/24
 25201 | Gauntlet | Got a pair of polished boots
 25445 | Gauntlet | Identified the +8 lajatang "Yvofey" {freeze, Dex+5}
 25657 | D:12     | Gained Nordag as an ally
 25678 | D:12     | Your ally Marbaugh died
 25687 | D:12     | Noticed Fannar
 25691 | D:12     | You fall into a shaft and drop 1 floor!
 25729 | D:13     | Found a frozen archway.
 25754 | IceCv    | Entered an ice cave
 26578 | D:13     | Noticed a frost giant
 26588 | D:13     | Killed a frost giant
 27467 | D:12     | Gained Arbolt as an ally
 27471 | D:12     | Killed Fannar
 27674 | D:12     | Identified the +0 pair of boots of Zolis Rofawo {rElec
                  | Dex+4} (You found it in a Gauntlet)
 27918 | D:14     | Noticed Louise
 27924 | D:14     | Killed Louise
 27924 | D:14     | Gained Orkwin as an ally
 27927 | D:14     | Your ally Orkwin died
 28449 | D:14     | Reached skill level 10 in Dodging
 28510 | D:14     | Found a gate to the Vaults.
 28658 | D:15     | Entered Level 15 of the Dungeon
 29087 | D:15     | Reached skill level 15 in Fighting
 29242 | D:15     | Your ally Bogwald died
 29394 | D:15     | Found a staircase to the Depths.
 29419 | D:15     | Gained Bogwald as an ally
 29425 | D:15     | Noticed Kirke
 29433 | D:15     | Killed Kirke
 29433 | D:15     | Reached XP level 16. HP: 134/149 MP: 21/25
 30214 | Spider:1 | Entered Level 1 of the Spider Nest
 30214 | Spider:1 | Noticed Donald
 30222 | Spider:1 | Killed Donald
 30223 | Spider:1 | Noticed Azrael
 30230 | Spider:1 | Gained Harm as an ally
 30232 | Spider:1 | Killed Azrael
 30306 | Spider:1 | Gained Arbeogh as an ally
 30702 | Spider:1 | Found a runed translucent door.
 30704 | Spider:1 | Noticed Cumomo's ghost (adept SpEn)
 31616 | Spider:2 | Your ally Arbolt died
 32463 | Spider:3 | Gained Ugrim as an ally
 33224 | Spider:3 | Found a runed translucent gate.
 33224 | Spider:3 | Found a runed translucent gate.
 33224 | Spider:3 | Found a runed translucent gate.
 33224 | Spider:3 | Noticed endersaim's ghost (adept MfSk)
 33224 | Spider:3 | Noticed iishen's ghost (adept CeHu)
 33224 | Spider:3 | Noticed Vubreenic's ghost (adept CeHu)
 33381 | Spider:4 | Entered Level 4 of the Spider Nest
 33697 | Spider:4 | Reached XP level 17. HP: 153/156 MP: 27/27
 33714 | Spider:4 | Your ally Wargrak died
 34124 | Spider:4 | Reached skill level 15 in Invocations
 34452 | Spider:4 | Reached skill level 10 in Evocations
 34465 | Spider:4 | Reached skill level 10 in Throwing
 34863 | Spider:4 | Got a gossamer rune of Zot
 35098 | Lair:4   | Reached skill level 1 in Shields
 35199 | Shoals:1 | Entered Level 1 of the Shoals
 35996 | Shoals:1 | Your ally Bogwald died
 36016 | Shoals:1 | Your ally Bogwald died
 36775 | Shoals:2 | Gained Horkud as an ally
 39111 | Shoals:4 | Entered Level 4 of the Shoals
 39172 | Shoals:4 | Your ally Nordag died
 39183 | Shoals:4 | HP: 2/156 [merfolk javelineer/silver javelin (20)]
 39183 | Shoals:4 | Hit by a silver javelin thrown by a merfolk javelineer

Illustrated notes

Levels and vault maps discovered:
D:1:      minmay_arrival_cross, layout_loops_corners
D:2:      minmay_kobold_bridge, layout_basic, lemuel_doored_altar,
          makhleb_blood_cavern_becter, nicolae_overflow_hidden_temple,
          uniq_natasha
D:3:      layout_basic, lemuel_crystal_altar,
          yredelemnul_forgotten_temple_becter,
          minmay_fractal_squares_diagonal_5, uniq_robin, uniq_ijyb,
          uniq_sigmund, uniq_jessica
D:4:      layout_cave_pools, first_ration
D:5:      layout_basic, cheibrodos_sewer_entry_sluice
D:6:      layout_loops_ring, trog_ov_bears_minmay, lemuel_round_altar,
          lemuel_crystal_altar, uniq_duvessa
D:7:      layout_loops_cross, minmay_temple_entry_grid, serial_glass,
          glass_columns_a, glass_columns_c, serial_shops, shop
D:8:      layout_rooms, fiery_altar_vehumet
D:9:      layout_cave_pools, zin_treasury, erik_lair_island, zombieorc1_lemuel,
          kennysheep_island_fort
D:10:     layout_gridville, uniq_maurice
D:11:     layout_loops_ring, serial_shops, kennysheep_mini_moat
D:12:     layout_cave_pools, gauntlet_entry_generic, uniq_fannar
D:13:     layout_cave_pods, portal_ice_cave_entry_pillars_1, the_bakery,
          minivault_25_ag
D:14:     layout_rooms, david_vaults_4, special_room [special_room_orc],
          uniq_louise
D:15:     hangedman_depths_entry_civil_slaughter, layout_gridville,
          minmay_hedge_maze, minmay_splitting_lines, uniq_kirke
Lair:1:   layout_regular_city
Lair:2:   layout_cave_pods, special_room [special_room_bee], grunt_megastairs_1
Lair:3:   layout_cave_pods
Lair:4:   layout_regular_city, minmay_shoals_entry_hut,
          spider_nest_entry_funnel_web, ebering_ghost_xom,
          nicolae_volcano_entry_vermiform, chequers_serial_rivers_marsh,
          st_stairs_9, serial_bayou_pond_a, minmay_lair_oklob_chamber
Lair:5:   layout_cave_pods, bh_autumn_forest_stairs, minmay_stone_trees_small,
          grunt_forest_large_clearing_hut
Lair:6:   wormcave, layout_regular_city, guppyfry_lair_end_dragon, slime_dummy,
          serial_bayou_pond_c
Shoals:1: layout_shoals, hangedman_shoals_cup_caves
Shoals:2: layout_shoals
Shoals:3: layout_shoals
Shoals:4: shoals_end_grunt_ice, layout_shoals
Spider:1: layout_spider_delve, gammafunk_ghost_grave, uniq_azrael, uniq_donald
Spider:2: layout_spider_delve, nicolae_spider_circle_web
Spider:3: layout_spider_delve, gammafunk_ghost_cemetery, drop_trap,
          nicolae_spider_cling_ruins
Spider:4: spider_rune_water
Orc:1:    layout_diamond_mine, nicolae_orc_flooded_monolith,
          guppyfry_orc_lava_fort
Orc:2:    grunt_orc_community_town_hall, layout_diamond_mine,
          grunt_orc_community_big_house_2, grunt_orc_community_big_house_2,
          grunt_orc_community_house_1, grunt_orc_community_house_3,
          grunt_orc_community_house_3, grunt_orc_community_house_1,
          grunt_orc_community_house_3, grunt_orc_community_house_2

Skill      XL: |  1  2  3  4  5  6  7  8  9 10 11 12 13 14 15 16 17 |
---------------+----------------------------------------------------+-----
Axes           | 5 6 7 8 10 11 14 15 18 20 | 20.0
Fighting       | 4 8 10 12 15 | 15.4
Invocations    | 3 8 12 14 15 | 15.5
Evocations     | 2 4 6 9 10 | 10.5
Dodging        | 3 6 8 10 | 10.4
Throwing       | 2 6 9 10 | 10.0
Armour         | 2 7 8 9 |  9.0
Shields        | 3 |  3.8
Stealth        | |  1.5

Action                   |  1- 3 |  4- 6 |  7- 9 | 10-12 | 13-15 | 16-18 || total
-------------------------+-------+-------+-------+-------+-------+-------++-------
Melee: Hand axe          |   178 |   200 |   230 |       |       |       ||   608
       Unarmed           |       |     5 |       |       |       |       ||     5
       War axe           |       |       |    67 |   208 |       |       ||   275
       Battleaxe         |       |       |       |   204 |   666 |   596 ||  1466
Throw: Boomerang         |       |       |     4 |     8 |     2 |     5 ||    19
Invok: Convert to Beogh  |       |       |     1 |       |       |       ||     1
       Smiting           |       |       |       |    11 |    21 |    17 ||    49
       Recall Orcish Fol |       |       |       |     1 |    13 |     6 ||    20
       Give Item to Name |       |       |       |       |     7 |     2 ||     9
       Resurrection      |       |       |       |       |     1 |       ||     1
       Stop Recall       |       |       |       |       |       |     1 ||     1
Evoke: Wand              |       |     4 |     4 |     3 |       |       ||    11
  Use: Scroll            |     1 |     2 |    16 |    16 |    15 |     6 ||    56
       Potion            |       |       |     1 |       |       |       ||     1
 Stab: Sleeping          |     4 |       |       |       |       |       ||     4
       Distracted        |       |       |       |     1 |     7 |     5 ||    13
       Confused          |       |       |       |       |       |     1 ||     1
  Eat: Chunk             |     4 |     6 |    12 |    26 |    26 |    24 ||    98
       Ration            |       |       |     1 |       |     4 |     3 ||     8
Armor: Robe              |     4 |       |       |       |       |       ||     4
       Leather armour    |    18 |       |       |       |       |       ||    18
       Plate armour      |    52 |   132 |   127 |       |   172 |   467 ||   950
       Scale mail        |       |       |     2 |   165 |   100 |       ||   267
Dodge: Dodged            |    79 |    41 |    71 |   194 |   283 |   316 ||   984
Block: Other             |       |       |       |       |       |    49 ||    49
       Reflection        |       |       |       |       |       |     3 ||     3
